 Dungeon Crawl Stone Soup version 0.22-a0-608-g8a62e23 (webtiles) character file.

81 Mamutox the Skirmisher (level 4, -2/35 HPs)
             Began as a Demonspawn Monk on July 9, 2018.
             Slain by an adder (5 damage)
             ... on level 3 of the Dungeon.
             The game lasted 00:06:08 (2545 turns).

Mamutox the Skirmisher (Demonspawn Monk)            Turns: 2545, Time: 00:06:09

Health: -2/35      AC:  3    Str: 12    XL:     4   Next: 20%
Magic:  4/4        EV: 12    Int: 12    God:
Gold:   58         SH:  6    Dex: 15    Spells: 3/3 levels left

rFire    . . .     SeeInvis .   a - +0 hand axe
rCold    . . .     Gourm    .   j - +2 buckler
rNeg     . . .     Faith    .   b - +0 robe
rPois    .         Spirit   .   (helmet restricted)
rElec    .         Reflect  .   e - +0 cloak
rCorr    .         Harm     .   (no gloves)
MR       .....                  (no boots)
Stlth    ++........             (no amulet)
HPRegen  0.11/turn              (no ring)
MPRegen  0.09/turn              (no ring)

@: lethally poisoned (-2 -> -4), starving
A: antennae 2, rot immunity
a: no special abilities


You were on level 3 of the Dungeon.
You were starving.

You visited 1 branch of the dungeon, and saw 4 of its levels.

You collected 58 gold pieces.

Inventory:

Hand Weapons
 a - a +0 hand axe (weapon)
 d - a cursed -2 hunting sling
Missiles
 p - 11 poisoned needles
 r - 18 arrows
Armour
 b - a +0 robe (worn)
 e - a +0 cloak (worn)
 f - a +0 scale mail
 j - a +2 buckler (worn)
Scrolls
 h - a scroll of teleportation
 k - a scroll of remove curse {unknown}
 m - a scroll of identify {unknown}
 n - a scroll of fear {unknown}
 q - a scroll of blinking {unknown}
Potions
 g - a potion of agility {unknown}
 i - a potion of haste {unknown}
 l - a potion of curing
 o - a potion of cancellation {unknown}
Comestibles
 c - 3 rations


   Skills:
 + Level 3.5 Fighting
 + Level 3.2 Axes
 + Level 1.8 Armour
 - Level 2.7 Dodging
 - Level 1.8 Stealth
 * Level 1.2 Shields


You had 3 spell levels left.
You didn't know any spells.
Your spell library contained the following spells:

 Spells                   Type           Power        Failure   Level  Hunger
 Magic Dart               Conj           #...         43%         1    ##.....
 Conjure Flame            Conj/Fire      #.......     80%         3    ####...
 Slow                     Hex            #.......     56%         2    ###....
 Mephitic Cloud           Conj/Pois/Air  #.......     80%         3    ####...
 Blink                    Tloc           N/A          56%         2    ###....
 Call Imp                 Summ           #.......     56%         2    ###....


Dungeon Overview and Level Annotations

Branches:
Dungeon (4/15)
 Temple: D:4-7

Altars:
Ru
The Shining One


Innate Abilities, Weirdness & Mutations

You have a pair of antennae on your head.
You are immune to rotting.


Message History

You miss the adder.
The adder is heavily wounded.
The adder barely misses you. You block the adder's attack.
You hit the adder but do no damage.
The adder is heavily wounded.
The adder misses you.
You hit the adder but do no damage.
The adder is heavily wounded.
The adder barely misses you. The adder bites you.
* * * LOW HITPOINT WARNING * * *
You are poisoned.
The adder poisons you!
You barely miss the adder.
The adder is heavily wounded.
* * * LOW HITPOINT WARNING * * *
You feel sick. The adder bites you but does no damage.
You miss the adder.
The adder is heavily wounded.
The adder bites you.
You die...

.# ... .. #.. #. #.# #
#.##.##.# #####......
#......รท.# #..#
########
#.#####..###......#
.......S@)....###.#
#.#####.####..###.###
.....##.).........
.....##)#..###.###
#####.##.#..###.#######
#...........##.....
####.#########.####
#.....##.......#
#.....##.....>.#


You could see an adder.

Vanquished Creatures
  An orc wizard (D:3)
  An adder (D:2)
  2 leopard geckos
  4 orcs (D:3)
  A ball python (D:1)
  A giant cockroach (D:1)
  3 goblins
  5 hobgoblins
  6 jackals
  A quokka (D:3)
  4 bats
  4 frilled lizards
  4 kobolds
  3 rats
40 creatures vanquished.

Notes
Turn   | Place    | Note
-------+----------+-------------------------------------------
     0 | D:1      | Mamutox the Demonspawn Monk began the quest for the Orb.
     0 | D:1      | Reached XP level 1. HP: 18/18 MP: 1/1
   450 | D:1      | Gained mutation: You are immune to rotting. [demonic ancestry]
   450 | D:1      | Reached XP level 2. HP: 19/24 MP: 2/2
   492 | D:1      | Reached skill level 1 in Armour
  1123 | D:2      | Found a sacrificial altar of Ru.
  1307 | D:2      | Gained mutation: You have a pair of small antennae on your head. [demonic ancestry]
  1307 | D:2      | Reached XP level 3. HP: 28/29 MP: 3/3
  1459 | D:2      | Found a glowing golden altar of the Shining One.
  1725 | D:2      | You fall through a shaft for 2 floors!
  1736 | D:4      | Found Polets's Book Shop.
  1736 | D:4      | Noticed a phantom
  1749 | D:4      | Noticed a phantom
  2255 | D:3      | Reached skill level 1 in Shields
  2255 | D:3      | Gained mutation: You have a pair of antennae on your head. [demonic ancestry]
  2255 | D:3      | Reached XP level 4. HP: 5/35 MP: 4/4
  2545 | D:3      | Slain by an adder

Vault maps used:
D:1:      kilobyte_arrival_exit_the_forest, st_stairs_4
D:2:      nicolae_overflow_hidden_temple, nicolae_ru_sacrificial_ziggurat
D:3:      first_ration, uniq_jessica
D:4:      serial_shops, shop, uniq_sigmund

Skill      XL: |  1  2  3 |
---------------+----------+-----
Armour         | 1 |  1.8
Axes           | 3 |  3.2
Shields        | 1 |  1.2
Fighting       | |  3.5
Dodging        | |  2.7
Stealth        | |  1.8

Action                   |  1- 3 |  4- 6 || total
-------------------------+-------+-------++-------
Melee: Hand axe          |   141 |    34 ||   175
  Use: Scroll            |     1 |       ||     1
       Potion            |       |     1 ||     1
 Stab: Sleeping          |     4 |       ||     4
  Eat: Chunk             |     3 |       ||     3
Armor: Robe              |    27 |    10 ||    37
Dodge: Dodged            |    89 |    25 ||   114
Block: Buckler           |    20 |     6 ||    26

Table legend:
 A = Spawn XP
 B = Non-spawn XP
 C = Spawn XP percentage of total XP
 D = Spawn monster count
 E = Non-spawn monster count
 F = Spawn count percentage of total count
 G = Total turns spent on level
                    A         B        C        D         E        F      G
               +---------+---------+-------+---------+---------+-------+---------
         Total |       0 |     117 |   0.0 |       0 |      40 |   0.0 |  2545
               +---------+---------+-------+---------+---------+-------+---------
           D:1 |       0 |      21 |   0.0 |       0 |      13 |   0.0 |  1102
           D:2 |       0 |      34 |   0.0 |       0 |      13 |   0.0 |   623
           D:3 |       0 |      62 |   0.0 |       0 |      14 |   0.0 |   790
               +---------+---------+-------+---------+---------+-------+---------
